 Dungeon Crawl Stone Soup version 0.22-b1-26-g9dbaab1 (webtiles) character file.

474 Lew the Covered (level 7, -6/44 HPs)
             Began as a Gargoyle Fighter on Aug 8, 2018.
             Was an Initiate of Gozag.
             Mangled by a minotaur (17 damage)
             ... created by the fury of Okawaru
             ... on level 5 of the Dungeon.
             The game lasted 00:15:57 (4506 turns).

Lew the Covered (Gargoyle Fighter)                  Turns: 4506, Time: 00:15:57

Health: -6/44      AC: 18    Str: 21    XL:     7   Next: 10%
Magic:  7/7        EV:  5    Int:  9    God:    Gozag
Gold:   172        SH:  9    Dex:  9    Spells: 6/6 levels left

rFire    . . .     SeeInvis .   a - +0 war axe
rCold    . . .     Gourm    .   c - +0 shield
rNeg     + . .     Faith    .   b - +0 chain mail
rPois    ∞         Spirit   .   (no helmet)
rElec    +         Reflect  .   (no cloak)
rCorr    .         Harm     .   j - +2 pair of gloves
MR       .....                  i - +0 pair of boots
Stlth    ..........             t - amulet of the acrobat
HPRegen  0.14/turn              m - ring of stealth
MPRegen  0.10/turn              (no ring)

@: no status effects
A: negative energy resistance 1, electricity resistance, unbreathing,
petrification resistance, rot immunity, AC +4
a: Potion Petition, Call Merchant, Bribe Branch, Renounce Religion


You were on level 5 of the Dungeon.
You worshipped Gozag.
Gozag was aware of your devotion.
You were not hungry.

You visited 2 branches of the dungeon, and saw 6 of its levels.

You collected 214 gold pieces.
You paid 42 gold pieces to Gozag.

Inventory:

Hand Weapons
 a - a +0 war axe (weapon)
Missiles
 g - 4 tomahawks of returning (quivered)
 r - 4 tomahawks
Armour
 b - a +0 chain mail (worn)
 c - a +0 shield (worn)
 i - a +0 pair of boots (worn)
 j - a +2 pair of gloves (worn)
Jewellery
 m - a ring of stealth (left hand)
 t - an amulet of the acrobat (around neck)
Scrolls
 e - a scroll of magic mapping
 f - a scroll of identify
 p - 2 scrolls of fear {unknown}
Potions
 d - 2 potions of might
 h - 3 potions of curing
 n - a potion of berserk rage
 o - a potion of cancellation {unknown}
 s - 2 potions of agility
Comestibles
 k - 5 rations


   Skills:
 + Level 4.8 Fighting
 * Level 4.5 Axes
 + Level 4.8 Armour
 + Level 4.7 Shields


You had 6 spell levels left.
You didn't know any spells.
Your spell library contained the following spells:

 Spells                   Type           Power        Failure   Level  Hunger
 Magic Dart               Conj           #...         100%        1    ##.....
 Conjure Flame            Conj/Fire      #.......     100%        3    ####...
 Slow                     Hex            #.......     100%        2    ###....
 Mephitic Cloud           Conj/Pois/Air  #.......     100%        3    ####...
 Blink                    Tloc           N/A          100%        2    ###....
 Call Imp                 Summ           #.......     100%        2    ###....


Dungeon Overview and Level Annotations

Branches:
Dungeon (5/15)             Temple (1/1) D:4

Altars:
Ashenzari
Cheibriados
Dithmenos
Elyvilon
Fedhas
Gozag
Hepliaklqana
Kikubaaqudgha
Makhleb
Okawaru
Qazlal
Ru
Sif Muna
Uskayaw
Vehumet
Wu Jian
Xom
Yredelemnul
Zin
The Shining One


Innate Abilities, Weirdness & Mutations

You are resistant to torment.
Your stone body is resilient. (AC +4)
You are immune to poison.
You resist negative energy. (rN+)
You are resistant to electric shocks. (rElec)
You can survive without breathing.
You are immune to petrification.
You are immune to rotting.


Message History

You hit the minotaur but do no damage. You closely miss the minotaur.
The minotaur furiously retaliates!
The minotaur headbutts you! You block the minotaur's attack.
The minotaur gores you but does no damage.
Your shield and chain mail prevent you from hitting the minotaur.
You hit the orc knight but do no damage.
The minotaur hits you. You block the minotaur's attack.
The orc knight roars a battlecry!
The orcs go into a battle-frenzy!
You slash the minotaur!
The minotaur is lightly wounded.
You hit the orc but do no damage. You closely miss the orc knight.
The orc hits you with a flail. The minotaur hits you!!
* * * LOW HITPOINT WARNING * * *
You block the minotaur's attack. You block the orc knight's attack.
The minotaur hits you but does no damage.
The minotaur closely misses you. You block the orc knight's attack.
You feel better. The minotaur hits you!
You die...
Your body crumbles into a pile of gold.

.....##.#..#.####..#..##
...####.#......#..##..#.
.8## #.#......#..###...
.##. #.#......#..###...
##....#.##.....#..##
.........'........##
#.#...#.##.......##
#.#.#.###....o####.#..
.. ..........oo@H....!>
#. ......##....#######.#
# #......+............
##.....#####.#######
..... #....# . #....#
#....# #....# #....#


You could see a minotaur, an orc knight, an orc warrior and an orc.

Vanquished Creatures
  An ogre (D:5)
  2 bullfrog skeletons (D:4)
  2 orc priests (D:3)
  An orc wizard (D:3)
  4 worker ants
  3 howler monkey skeletons
  4 adders
  2 adder skeletons (D:4)
  A worm (D:3)
  A dart slug (D:1)
  2 leopard geckos
  13 orcs
  8 bats
  4 giant cockroaches
  5 goblins
  3 hobgoblins (D:1)
  7 kobolds
  A quokka (D:4)
  2 ball pythons
  3 frilled lizards
  2 gnoll zombies (D:4)
  5 rats
76 creatures vanquished.

Notes
Turn   | Place    | Note
-------+----------+-------------------------------------------
     0 | D:1      | Lew the Gargoyle Fighter began the quest for the Orb.
     0 | D:1      | Reached XP level 1. HP: 14/14 MP: 1/1
   383 | D:1      | Reached XP level 2. HP: 18/19 MP: 2/2
  1016 | D:2      | Reached XP level 3. HP: 16/23 MP: 3/3
  1848 | D:2      | You fall through a shaft for 2 floors!
  1999 | D:3      | Reached XP level 4. HP: 27/29 MP: 4/4
  2022 | D:3      | Reached XP level 5. HP: 15/33 MP: 5/5
  2497 | D:3      | Found an iron altar of Okawaru.
  2840 | D:3      | Found an iron altar of Okawaru.
  2849 | D:3      | Became a worshipper of Warmaster Okawaru
  3103 | D:4      | Reached XP level 6. HP: 30/38 MP: 6/6
  3547 | D:4      | Found an ancient bone altar of Kikubaaqudgha.
  3548 | D:4      | Found an opulent altar of Gozag.
  3555 | D:4      | Fell from the grace of Okawaru
  3556 | D:4      | Became a worshipper of Gozag Ym Sagoz the Greedy
  3839 | D:4      | Found a staircase to the Ecumenical Temple.
  3848 | Temple   | Entered the Ecumenical Temple
  4324 | D:4      | Found a basalt altar of Yredelemnul.
  4374 | D:5      | Entered Level 5 of the Dungeon
  4381 | D:5      | Reached XP level 7. HP: 27/44 MP: 7/7
  4502 | D:5      | Noticed a minotaur
  4502 | D:5      | Noticed an orc knight
  4506 | D:5      | Mangled by a minotaur

Skill      XL: |  1  2  3  4  5  6 |
---------------+-------------------+-----
Axes           | 2 3 4 |  4.5
Armour         | 4 |  4.8
Fighting       | 4 |  4.8
Shields        | 4 |  4.7

Action                   |  1- 3 |  4- 6 |  7- 9 || total
-------------------------+-------+-------+-------++-------
Melee: War axe           |   167 |   139 |    12 ||   318
Invok: Renounce Religion |       |     1 |       ||     1
  Use: Scroll            |     7 |     5 |       ||    12
       Potion            |     2 |       |     1 ||     3
  Eat: Ration            |     1 |     2 |       ||     3
       Chunk             |       |     2 |       ||     2
Armor: Scale mail        |    94 |    29 |       ||   123
       Chain mail        |       |    61 |     5 ||    66
Dodge: Dodged            |    64 |    40 |     5 ||   109
Block: Shield            |   102 |    83 |     7 ||   192
